 Dungeon Crawl Stone Soup version 0.23.2-1-ga50397a (webtiles) character file.

Game seed: 3748143152185225987

56 IBeShadow the Skirmisher (level 3, 0/30 HPs)
             Began as a Demonspawn Chaos Knight on May 20, 2019.
             Was a Plaything of Xom.
             Slain by a worker ant (5 damage)
             ... on level 2 of the Dungeon.
             The game lasted 00:02:11 (1586 turns).

IBeShadow the Skirmisher (Demonspawn Chaos Knight)  Turns: 1586, Time: 00:02:11

Health: 0/30       AC:  6    Str: 13    XL:     3   Next: 71%
Magic:  3/3        EV: 11    Int: 13    God:    Xom [.*....]
Gold:   57         SH:  0    Dex: 14    Spells: 2/2 levels left

rFire    x . .     SeeInvis .   a - +0 mace (chaos)
rCold    + . .     Gourm    .   (no shield)
rNeg     . . .     Faith    .   b - +2 leather armour
rPois    .         Spirit   .   l - +0 helmet
rElec    .         Reflect  .   (no cloak)
rCorr    .         Harm     .   (no gloves)
MR       .....                  (no boots)
Stlth    ++........             (no amulet)
HPRegen  0.10/turn              k - ring of ice
MPRegen  0.08/turn              (no ring)

@: no status effects
A: thin skeletal structure 1, powered by death 1
a: Renounce Religion


You were on level 2 of the Dungeon.
You worshipped Xom.
You were a plaything of Xom.
You were not hungry.

You visited 1 branch of the dungeon, and saw 2 of its levels.

You collected 57 gold pieces.

Inventory:

Hand Weapons
 a - a +0 mace of chaos (weapon)
Armour
 b - a +2 leather armour (worn)
 l - a +0 helmet (worn)
Jewellery
 k - a ring of ice (left hand)
Scrolls
 f - a scroll of fog
 g - a scroll of immolation {unknown}
 h - a scroll of remove curse {unknown}
 j - a scroll of blinking {unknown}
 q - a scroll of enchant armour {unknown}
Potions
 d - a potion of heal wounds {unknown}
 e - a potion of curing
 i - a potion of haste {unknown}
 m - a potion of magic {unknown}
 o - a potion of resistance {unknown}
 p - 2 potions of lignification {unknown}
Comestibles
 c - 3 rations
 n - a chunk of flesh


   Skills:
 * Level 4.2 Fighting
 + Level 3.2 Maces & Flails
 - Level 1.7 Armour
 - Level 0.8 Dodging


You had 2 spell levels left.
You didn't know any spells.
Your spell library was empty.

Dungeon Overview and Level Annotations

Branches:
Dungeon (2/15)

Altars:


Innate Abilities, Weirdness & Mutations

You have a somewhat thin skeletal structure. (Dex +2, Stealth)
You regenerate a little health from kills.


Message History

You feel sick. Something bites you.
You are more poisoned.
Something poisons you!
You feel sick.
You miss something.
You feel sick. Something bites you.
* * * LOW HITPOINT WARNING * * *
You feel better. Something bites you but does no damage.
Press: ? - help, v - describe, . - travel The floor, spattered with blood.
There is a cloud of magical condensation here.
Something bites you.
As you read the scroll labeled JOCYCY FALA, it crumbles to dust.
The scroll dissolves into smoke.
It was a scroll of fog.
Something bites you but does no damage.
You barely miss something. Something bites you!
* * * LOW HITPOINT WARNING * * *
A shower of butterflies erupts from you!
Something bites you.
You die... "I guess I need a new plaything now."

.....# #.# .....# #####.#
.###.###.#...# .# #(......###
.###.###.#.# .....# #.#.# .#####
#.#.# .# #.#.######### #####
.#######.#.#...>@{b# #..(.
.............#####b# #.###
.#####.#.##..#####§##### ##.###
.#.###.#.##..##.§§§§§..# ##.....
.........##..##.##§###.####...##.
#...##.####..##.##.# #.##........
#...##.####........# #.##.♣♣♣.♣♣♣
#...##......##...### #....♣♣..♣
#...########...#.#######...♣♣♣♣


There were no monsters in sight!

Vanquished Creatures
  2 adders (D:2)
  A worm (D:2)
  4 bats (D:2)
  2 giant cockroaches
  2 goblins (D:1)
  3 hobgoblins
  7 jackals
  A quokka (D:2)
  2 frilled lizards
  3 kobolds (D:1)
  8 rats
35 creatures vanquished.

Notes
Turn   | Place    | Note
-------+----------+-------------------------------------------
     0 | D:1      | IBeShadow the Demonspawn Chaos Knight began the quest for
                  | the Orb.
     0 | D:1      | Reached XP level 1. HP: 18/18 MP: 1/1
    30 | D:1      | XOM: harmless Pois miscast
    57 | D:1      | Gained mutation: You regenerate a little health from kills.
                  | [demonic ancestry]
    57 | D:1      | Reached XP level 2. HP: 7/24 MP: 2/2
   134 | D:1      | XOM: silly message
   206 | D:1      | XOM: harmless Fire miscast
   855 | D:1      | XOM: silly message
  1048 | D:2      | Gained mutation: You have a somewhat thin skeletal
                  | structure. (Dex +2, Stealth) [demonic ancestry]
  1048 | D:2      | Reached XP level 3. HP: 16/30 MP: 3/3
  1053 | D:2      | Reached skill level 4 in Fighting
  1473 | D:2      | XOM: 2-stop teleportation journey
  1575 | D:2      | XOM: smoke on damage
  1586 | D:2      | XOM: butterfly on damage
  1586 | D:2      | Slain by a worker ant

Skill      XL: |  1  2  3 |
---------------+----------+-----
Maces & Flails | 3 |  3.2
Fighting       | 4 |  4.2
Armour         | |  1.7
Dodging        | |  0.8

Action                   || total
-------------------------++-------
Melee: Mace              ||   118
  Use: Potion            ||     2
       Scroll            ||     1
 Stab: Paralysed         ||     4
       Sleeping          ||     3
  Eat: Chunk             ||     2
Armor: Leather armour    ||    73
Dodge: Dodged            ||    63
